%YAML 1.1
%TAG !u! tag:unity3d.com,2011:
--- !u!1 &2427234066295538751
GameObject:
  m_ObjectHideFlags: 0
  m_CorrespondingSourceObject: {fileID: 0}
  m_PrefabInstance: {fileID: 0}
  m_PrefabAsset: {fileID: 0}
  serializedVersion: 6
  m_Component:
  - component: {fileID: 2427234066295538720}
  - component: {fileID: 8840640086650884328}
  - component: {fileID: 3889184891443348294}
  - component: {fileID: 5454083088885167438}
  - component: {fileID: 2227041803429883414}
  - component: {fileID: 5271749207718353624}
  - component: {fileID: 5782199389016358065}
  - component: {fileID: 2076272944191430365}
  - component: {fileID: -9102878168307909349}
  m_Layer: 12
  m_Name: EnemyRouge05
  m_TagString: Untagged
  m_Icon: {fileID: 0}
  m_NavMeshLayer: 0
  m_StaticEditorFlags: 0
  m_IsActive: 1
--- !u!4 &2427234066295538720
Transform:
  m_ObjectHideFlags: 0
  m_CorrespondingSourceObject: {fileID: 0}
  m_PrefabInstance: {fileID: 0}
  m_PrefabAsset: {fileID: 0}
  m_GameObject: {fileID: 2427234066295538751}
  m_LocalRotation: {x: 0, y: 0, z: 0, w: 1}
  m_LocalPosition: {x: 0, y: 0, z: 0}
  m_LocalScale: {x: 1, y: 1, z: 1}
  m_Children:
  - {fileID: 6412526969438141293}
  m_Father: {fileID: 0}
  m_RootOrder: 0
  m_LocalEulerAnglesHint: {x: 0, y: 0, z: 0}
--- !u!114 &8840640086650884328
MonoBehaviour:
  m_ObjectHideFlags: 0
  m_CorrespondingSourceObject: {fileID: 0}
  m_PrefabInstance: {fileID: 0}
  m_PrefabAsset: {fileID: 0}
  m_GameObject: {fileID: 2427234066295538751}
  m_Enabled: 1
  m_EditorHideFlags: 0
  m_Script: {fileID: 11500000, guid: 7733382ad1562d4449d745f08c707e0f, type: 3}
  m_Name: 
  m_EditorClassIdentifier: 
  _modelTS: {fileID: 6412526969438141293}
  _animator: {fileID: 6458839926997269075}
  _attackControl: {fileID: 2227041803429883414}
  _hpControl: {fileID: 5271749207718353624}
  _audioSource: {fileID: 2076272944191430365}
  _vision: {fileID: 5782199389016358065}
  _startPatrolDir: 1
  _walkDistance: 1
  _walkSpeed: 1
  _chaseSpeed: 1.5
  _chaseOffset: 1
  _timeToWait: 5
  _timeToWaitChase: 3
  _attackDist: 1
  _attackDelay: 3
  _dieDestroyDelay: 3.5
  _walkClip: {fileID: 0}
  _attackClip: {fileID: 8300000, guid: 0c3991350a30cda41ad3b0668beaf237, type: 3}
  _hitClip: {fileID: 8300000, guid: ffbddb4d4c239a14da08dfd2ae8925f8, type: 3}
  _deadClip: {fileID: 0}
  _state: 5
  _curMoveDir: 0
  _waitTimer: 0
  _chaseTimer: 0
  _attackTimer: 0
--- !u!50 &3889184891443348294
Rigidbody2D:
  serializedVersion: 4
  m_ObjectHideFlags: 0
  m_CorrespondingSourceObject: {fileID: 0}
  m_PrefabInstance: {fileID: 0}
  m_PrefabAsset: {fileID: 0}
  m_GameObject: {fileID: 2427234066295538751}
  m_BodyType: 0
  m_Simulated: 1
  m_UseFullKinematicContacts: 0
  m_UseAutoMass: 0
  m_Mass: 1
  m_LinearDrag: 0
  m_AngularDrag: 0.05
  m_GravityScale: 1
  m_Material: {fileID: 0}
  m_Interpolate: 0
  m_SleepingMode: 1
  m_CollisionDetection: 0
  m_Constraints: 4
--- !u!61 &5454083088885167438
BoxCollider2D:
  m_ObjectHideFlags: 0
  m_CorrespondingSourceObject: {fileID: 0}
  m_PrefabInstance: {fileID: 0}
  m_PrefabAsset: {fileID: 0}
  m_GameObject: {fileID: 2427234066295538751}
  m_Enabled: 1
  m_Density: 1
  m_Material: {fileID: 0}
  m_IsTrigger: 0
  m_UsedByEffector: 0
  m_UsedByComposite: 0
  m_Offset: {x: -0.02, y: 0.37}
  m_SpriteTilingProperty:
    border: {x: 0, y: 0, z: 0, w: 0}
    pivot: {x: 0, y: 0}
    oldSize: {x: 0, y: 0}
    newSize: {x: 0, y: 0}
    adaptiveTilingThreshold: 0
    drawMode: 0
    adaptiveTiling: 0
  m_AutoTiling: 0
  serializedVersion: 2
  m_Size: {x: 0.42, y: 0.75}
  m_EdgeRadius: 0
--- !u!114 &2227041803429883414
MonoBehaviour:
  m_ObjectHideFlags: 0
  m_CorrespondingSourceObject: {fileID: 0}
  m_PrefabInstance: {fileID: 0}
  m_PrefabAsset: {fileID: 0}
  m_GameObject: {fileID: 2427234066295538751}
  m_Enabled: 1
  m_EditorHideFlags: 0
  m_Script: {fileID: 11500000, guid: 9763f0174f8690a4f9eb82f99b1ab389, type: 3}
  m_Name: 
  m_EditorClassIdentifier: 
  _layerMask:
    serializedVersion: 2
    m_Bits: 2048
  _damagePerAttack: 10
  _attackRadius: 1
--- !u!114 &5271749207718353624
MonoBehaviour:
  m_ObjectHideFlags: 0
  m_CorrespondingSourceObject: {fileID: 0}
  m_PrefabInstance: {fileID: 0}
  m_PrefabAsset: {fileID: 0}
  m_GameObject: {fileID: 2427234066295538751}
  m_Enabled: 1
  m_EditorHideFlags: 0
  m_Script: {fileID: 11500000, guid: cb3d449928b9ec541a93f7e8704f00d0, type: 3}
  m_Name: 
  m_EditorClassIdentifier: 
  _minPoints: 0
  _maxPoints: 100
  _curPoints: 100
--- !u!114 &5782199389016358065
MonoBehaviour:
  m_ObjectHideFlags: 0
  m_CorrespondingSourceObject: {fileID: 0}
  m_PrefabInstance: {fileID: 0}
  m_PrefabAsset: {fileID: 0}
  m_GameObject: {fileID: 2427234066295538751}
  m_Enabled: 1
  m_EditorHideFlags: 0
  m_Script: {fileID: 11500000, guid: e98810080d5052847961f5f673fec51e, type: 3}
  m_Name: 
  m_EditorClassIdentifier: 
  _circleRadius: 0.2
  _maxDistance: 2
  _layerMask:
    serializedVersion: 2
    m_Bits: 2048
  _currentHitObject: {fileID: 0}
  _currentHitDistance: 0
  _direction: {x: 0, y: 0}
--- !u!82 &2076272944191430365
AudioSource:
  m_ObjectHideFlags: 0
  m_CorrespondingSourceObject: {fileID: 0}
  m_PrefabInstance: {fileID: 0}
  m_PrefabAsset: {fileID: 0}
  m_GameObject: {fileID: 2427234066295538751}
  m_Enabled: 1
  serializedVersion: 4
  OutputAudioMixerGroup: {fileID: 0}
  m_audioClip: {fileID: 0}
  m_PlayOnAwake: 0
  m_Volume: 1
  m_Pitch: 1
  Loop: 0
  Mute: 0
  Spatialize: 0
  SpatializePostEffects: 0
  Priority: 128
  DopplerLevel: 1
  MinDistance: 1
  MaxDistance: 500
  Pan2D: 0
  rolloffMode: 0
  BypassEffects: 0
  BypassListenerEffects: 0
  BypassReverbZones: 0
  rolloffCustomCurve:
    serializedVersion: 2
    m_Curve:
    - serializedVersion: 3
      time: 0
      value: 1
      inSlope: 0
      outSlope: 0
      tangentMode: 0
      weightedMode: 0
      inWeight: 0.33333334
      outWeight: 0.33333334
    - serializedVersion: 3
      time: 1
      value: 0
      inSlope: 0
      outSlope: 0
      tangentMode: 0
      weightedMode: 0
      inWeight: 0.33333334
      outWeight: 0.33333334
    m_PreInfinity: 2
    m_PostInfinity: 2
    m_RotationOrder: 4
  panLevelCustomCurve:
    serializedVersion: 2
    m_Curve:
    - serializedVersion: 3
      time: 0
      value: 0
      inSlope: 0
      outSlope: 0
      tangentMode: 0
      weightedMode: 0
      inWeight: 0.33333334
      outWeight: 0.33333334
    m_PreInfinity: 2
    m_PostInfinity: 2
    m_RotationOrder: 4
  spreadCustomCurve:
    serializedVersion: 2
    m_Curve:
    - serializedVersion: 3
      time: 0
      value: 0
      inSlope: 0
      outSlope: 0
      tangentMode: 0
      weightedMode: 0
      inWeight: 0.33333334
      outWeight: 0.33333334
    m_PreInfinity: 2
    m_PostInfinity: 2
    m_RotationOrder: 4
  reverbZoneMixCustomCurve:
    serializedVersion: 2
    m_Curve:
    - serializedVersion: 3
      time: 0
      value: 1
      inSlope: 0
      outSlope: 0
      tangentMode: 0
      weightedMode: 0
      inWeight: 0.33333334
      outWeight: 0.33333334
    m_PreInfinity: 2
    m_PostInfinity: 2
    m_RotationOrder: 4
--- !u!114 &-9102878168307909349
MonoBehaviour:
  m_ObjectHideFlags: 0
  m_CorrespondingSourceObject: {fileID: 0}
  m_PrefabInstance: {fileID: 0}
  m_PrefabAsset: {fileID: 0}
  m_GameObject: {fileID: 2427234066295538751}
  m_Enabled: 1
  m_EditorHideFlags: 0
  m_Script: {fileID: 11500000, guid: 6aebfd9741a15bf4899e745bf7178cbf, type: 3}
  m_Name: 
  m_EditorClassIdentifier: 
  _effectPrefab: {fileID: 1521703615130748098, guid: 2e3d62deb3abf55428dd965c4e002556, type: 3}
  _effectColor: {r: 0.5, g: 0.5, b: 0.5, a: 1}
--- !u!1001 &6409724740151043145
PrefabInstance:
  m_ObjectHideFlags: 0
  serializedVersion: 2
  m_Modification:
    m_TransformParent: {fileID: 2427234066295538720}
    m_Modifications:
    - target: {fileID: 1000013304306144, guid: 30ef59945f2a7ea499bbbe10a7d48f1a, type: 3}
      propertyPath: m_Name
      value: Rogue_05
      objectReference: {fileID: 0}
    - target: {fileID: 4000011914616612, guid: 30ef59945f2a7ea499bbbe10a7d48f1a, type: 3}
      propertyPath: m_RootOrder
      value: 0
      objectReference: {fileID: 0}
    - target: {fileID: 4000011914616612, guid: 30ef59945f2a7ea499bbbe10a7d48f1a, type: 3}
      propertyPath: m_LocalScale.x
      value: 0.1
      objectReference: {fileID: 0}
    - target: {fileID: 4000011914616612, guid: 30ef59945f2a7ea499bbbe10a7d48f1a, type: 3}
      propertyPath: m_LocalScale.y
      value: 0.1
      objectReference: {fileID: 0}
    - target: {fileID: 4000011914616612, guid: 30ef59945f2a7ea499bbbe10a7d48f1a, type: 3}
      propertyPath: m_LocalPosition.x
      value: 0
      objectReference: {fileID: 0}
    - target: {fileID: 4000011914616612, guid: 30ef59945f2a7ea499bbbe10a7d48f1a, type: 3}
      propertyPath: m_LocalPosition.y
      value: 0
      objectReference: {fileID: 0}
    - target: {fileID: 4000011914616612, guid: 30ef59945f2a7ea499bbbe10a7d48f1a, type: 3}
      propertyPath: m_LocalPosition.z
      value: 0
      objectReference: {fileID: 0}
    - target: {fileID: 4000011914616612, guid: 30ef59945f2a7ea499bbbe10a7d48f1a, type: 3}
      propertyPath: m_LocalRotation.w
      value: 1
      objectReference: {fileID: 0}
    - target: {fileID: 4000011914616612, guid: 30ef59945f2a7ea499bbbe10a7d48f1a, type: 3}
      propertyPath: m_LocalRotation.x
      value: 0
      objectReference: {fileID: 0}
    - target: {fileID: 4000011914616612, guid: 30ef59945f2a7ea499bbbe10a7d48f1a, type: 3}
      propertyPath: m_LocalRotation.y
      value: 0
      objectReference: {fileID: 0}
    - target: {fileID: 4000011914616612, guid: 30ef59945f2a7ea499bbbe10a7d48f1a, type: 3}
      propertyPath: m_LocalRotation.z
      value: 0
      objectReference: {fileID: 0}
    - target: {fileID: 4000011914616612, guid: 30ef59945f2a7ea499bbbe10a7d48f1a, type: 3}
      propertyPath: m_LocalEulerAnglesHint.x
      value: 0
      objectReference: {fileID: 0}
    - target: {fileID: 4000011914616612, guid: 30ef59945f2a7ea499bbbe10a7d48f1a, type: 3}
      propertyPath: m_LocalEulerAnglesHint.y
      value: 0
      objectReference: {fileID: 0}
    - target: {fileID: 4000011914616612, guid: 30ef59945f2a7ea499bbbe10a7d48f1a, type: 3}
      propertyPath: m_LocalEulerAnglesHint.z
      value: 0
      objectReference: {fileID: 0}
    - target: {fileID: 95000010398391834, guid: 30ef59945f2a7ea499bbbe10a7d48f1a, type: 3}
      propertyPath: m_Controller
      value: 
      objectReference: {fileID: 9100000, guid: 3975a1476a2e4374cae097c56fa8f9ea, type: 2}
    m_RemovedComponents: []
  m_SourcePrefab: {fileID: 100100000, guid: 30ef59945f2a7ea499bbbe10a7d48f1a, type: 3}
--- !u!4 &6412526969438141293 stripped
Transform:
  m_CorrespondingSourceObject: {fileID: 4000011914616612, guid: 30ef59945f2a7ea499bbbe10a7d48f1a, type: 3}
  m_PrefabInstance: {fileID: 6409724740151043145}
  m_PrefabAsset: {fileID: 0}
--- !u!95 &6458839926997269075 stripped
Animator:
  m_CorrespondingSourceObject: {fileID: 95000010398391834, guid: 30ef59945f2a7ea499bbbe10a7d48f1a, type: 3}
  m_PrefabInstance: {fileID: 6409724740151043145}
  m_PrefabAsset: {fileID: 0}
